 Dungeon Crawl Stone Soup version 0.30-a0-986-g7f2e898f52 (webtiles) character file.

Game seed: 17024919574294478413

1806 Armakuni the Protected (level 9, 68/68 HPs)
             Began as a Human Wanderer on Apr 1, 2023.
             Quit the game on level 6 of the Dungeon.
             The game lasted 00:16:31 (5776 turns).

Armakuni the Protected (Human Wanderer)             Turns: 5776, Time: 00:16:31

Health: 68/68      AC: 10    Str: 18    XL:     9   Next: 31%
Magic:  9/9        EV: 12    Int:  9    God:
Gold:   511        SH:  0    Dex: 15    Spells: 8/8 levels left

rFire   . . .      SeeInvis +    a - +2 short sword (venom)
rCold   . . .      Faith    .    (no shield)
rNeg    . . .      Spirit   .    n - +0 acid dragon scales
rPois   .          Reflect  .    (no helmet)
rElec   .          Rampage  .    (no cloak)
rCorr   +                        (no gloves)
Will    .....                    x - +0 pair of boots
Stlth   +                        (no amulet)
HPRegen 0.31/turn                I - ring of see invisible
MPRegen 0.11/turn                L - ring of flight

@: flying
A: no striking features
a: no special abilities


You were on level 6 of the Dungeon.
You visited 1 branch of the dungeon, and saw 6 of its levels.
You also visited: Ossuary.

You collected 511 gold pieces.

Inventory:

Hand Weapons
 a - a +2 short sword of venom (weapon)
 d - a +0 sling
 q - a +1 morningstar of draining
Missiles
 w - 8 boomerangs (quivered)
Armour
 i - a +0 plate armour
 k - a +0 kite shield
 n - +0 acid dragon scales (worn)
 x - a +0 pair of boots (worn)
Magical Staves
 j - a staff of conjuration
Jewellery
 p - a +4 ring of protection
 I - a ring of see invisible (left hand)
 J - a ring of ice
 L - a ring of flight (right hand)
Wands
 v - a wand of flame (12)
Scrolls
 c - 2 scrolls of fog
 f - 2 scrolls of identify
 g - 2 scrolls of enchant weapon
 h - 3 scrolls of teleportation
 l - 2 scrolls of silence
 o - a scroll of poison
 y - 2 scrolls of fear
 z - 2 scrolls of vulnerability
Potions
 e - a potion of curing
 m - 2 potions of haste
 r - 5 potions of lignification {unknown}
 t - a potion of brilliance {unknown}
 u - 2 potions of attraction {unknown}
 A - 3 potions of mutation {unknown}
 B - a potion of degeneration {unknown}
 E - 2 potions of berserk rage {unknown}


   Skills:
 - Level 5.0 Fighting
 - Level 3.0 Polearms
 - Level 10.0 Armour
 + Level 3.1 Dodging
 - Level 1.0 Stealth
 - Level 2.0 Unarmed Combat
 - Level 1.0 Evocations


You had 8 spell levels left.
You didn't know any spells.
Your spell library contained the following spells:

 Spells                   Type           Power      Damage    Failure   Level
 Freeze                   Ice            0%         1d3       45%         1
 Kiss of Death            Conj/Necr      0%         2d5       45%         1
 Confusing Touch          Hex            0%         N/A       83%         3
 Frozen Ramparts          Ice            0%         1d1       83%         3
 Hailstorm                Conj/Ice       0%         3d3       83%         3
 Cause Fear               Hex            0%         N/A       99%         4
 Dispel Undead            Necr           0%         3d6       99%         4
 Dragon Form              Tmut           0%         N/A       100%        7
 Dragon's Call            Summ           0%         N/A       100%        9


Dungeon Overview and Level Annotations

Branches:
Dungeon (6/15)            Ossuary (visited)
 Temple: D:4-7

Altars:
Dithmenos
Kikubaaqudgha
Okawaru
Sif Muna
Vehumet
Wu Jian
Zin

Shops:
D:6 *


Message History

Maggie gestures at you while chanting. The bolt of fire hits you!
You hit Maggie.
Maggie looks as sick as possible!
Maggie is almost dead.
Maggie hits you with a +1 morningstar of draining!
You feel drained.
You hit Maggie.
Maggie is almost dead.
Maggie zaps a wand.
The puff of flame misses you.
You hit Maggie but do no damage.
Maggie looks as sick as possible!
Maggie is almost dead.
You are no longer entranced.
You kill Maggie!
Your life force feels restored.
Training target 10.0 for Armour reached!
Your Armour skill increases to level 10!
You need to enable at least one skill for training.
Your Dodging skill gained 3 levels and is now at level 3!
v - a wand of flame (12) (gained 3 charges)
Items here: ) [ ††. n - +0 acid dragon scales You start removing your armour.
You continue taking off your +0 ring mail. x4
You finish taking off your +0 ring mail.
You start putting on your armour.
You continue putting on your +0 acid dragon scales. x5
You finish putting on your +0 acid dragon scales.
You drop a +0 scale mail.
You drop a +0 ring mail.
Things that are here:
a +1 morningstar of draining; the human corpse of Maggie; an iguana corpse
q - a +1 morningstar of draining
Okay, then.
Unknown command.
You start resting.
HP restored.
Okay, then.
Unknown command.
You drop a +2 trident of protection.
Are you sure you want to abandon this character and quit the game? (Confirm with "yes".)

_⌠#..#########........#
###.## #........#
.#..## #####....#
.....## ###### .###..#
## ##.### ## #...######
.######....†.######
...# ######..[†@.#####
##.# ######.....# #.#
###.[..... #.# .......
### ....... .......
....... ....... .......


There were no monsters in sight!

Vanquished Creatures
  Maggie (D:6)
  A steam dragon (D:6)
  A water moccasin (D:6)
  An ice beast (D:5)
  A sky beast (D:6)
  2 black bears
  An ogre (D:5)
  A gnoll sergeant (D:6)
  2 scorpions (D:5)
  2 orc priests
  2 hounds
  Terence (D:3)
  7 iguanas
  An orc wizard (D:5)
  8 mummies (Ossuary)
  4 gnolls (D:6)
  10 adders
  2 shadow imps
  2 white imps
  An ufetubus (D:4)
  A dart slug (D:3)
  15 orcs
  4 bats
  3 endoplasms
  2 giant cockroaches
  8 goblins
  3 hobgoblins
  7 kobolds
  6 quokkas
  10 ball pythons
  2 frilled lizards
  3 hobgoblin zombies (Ossuary)
  A kobold zombie (Ossuary)
  4 orc zombies (Ossuary)
  5 rats
125 creatures vanquished.

Vanquished Creatures (others)
  11 plants (D:3)
11 creatures vanquished.

Grand Total: 136 creatures vanquished

Notes
Turn   | Place    | Note
-------+----------+-------------------------------------------
     0 | D:1      | Armakuni the Human Wanderer began the quest for the Orb.
     0 | D:1      | Armakuni set off with the following items: a +1 trident, a
                  | scroll of silence, a scroll of fog, a +0 leather armour.
     0 | D:1      | Reached XP level 1. HP: 16/16 MP: 1/1
   272 | D:1      | Reached XP level 2. HP: 7/23 MP: 2/2
  1174 | D:2      | Reached XP level 3. HP: 29/29 MP: 3/3
  1544 | D:2      | Reached XP level 4. HP: 34/37 MP: 4/4
  2198 | D:3      | Noticed Terence
  2207 | D:3      | Killed Terence
  2208 | D:3      | Reached skill level 2 in Armour
  2208 | D:3      | Reached XP level 5. HP: 23/43 MP: 5/5
  2208 | D:3      | Found an iron altar of Okawaru.
  2440 | D:3      | Found a faded altar of an unknown god.
  2677 | D:4      | Found an ancient bone altar of Kikubaaqudgha.
  2816 | D:4      | HP: 2/43 [constriction (1)]
  2947 | D:4      | Found an ornate altar of the Wu Jian Council.
  3004 | D:4      | Reached skill level 5 in Fighting
  3054 | D:4      | Reached XP level 6. HP: 46/46 MP: 6/6
  3369 | D:5      | Entered Level 5 of the Dungeon
  3369 | D:5      | Noticed an ice beast
  3381 | D:4      | Reached skill level 3 in Armour
  3434 | D:5      | Killed an ice beast
  3435 | D:5      | Reached skill level 4 in Armour
  3449 | D:5      | Found a sand-covered staircase.
  3454 | Ossuary  | Entered an ossuary
  3480 | Ossuary  | Reached XP level 7. HP: 52/56 MP: 7/7
  3535 | Ossuary  | Reached skill level 5 in Armour
  3927 | D:5      | Reached skill level 6 in Armour
  4112 | D:5      | Found a shimmering blue altar of Sif Muna.
  4192 | D:5      | Reached XP level 8. HP: 58/62 MP: 8/8
  4229 | D:5      | Found a radiant altar of Vehumet.
  4323 | D:5      | Reached skill level 7 in Armour
  4934 | D:6      | Reached skill level 8 in Armour
  5031 | D:6      | Found Zin's Purification Station.
  5035 | D:6      | Found a glowing silver altar of Zin.
  5264 | D:6      | Reached skill level 9 in Armour
  5390 | D:6      | Found a shadowy altar of Dithmenos.
  5541 | D:6      | Reached XP level 9. HP: 68/68 MP: 9/9
  5584 | D:6      | Noticed Maggie
  5626 | D:6      | Killed Maggie
  5627 | D:6      | Reached skill level 10 in Armour
  5776 | D:6      | Quit the game

Illustrated notes

Levels and vault maps discovered:
D:1:      wander_arrival_chamber, layout_loops_corners,
          chequers_serial_rivers_micro_c, nicolae_kite_square_tiling_tiny
D:2:      layout_basic
D:3:      layout_basic, okawaru_trees_1, dilly_ecumenical_altar_fadedgnrine,
          uniq_terence
D:4:      layout_loops_ring, mainiacjoe_overflow_small_starburst,
          mainiacjoe_overflow_catwalk
D:5:      layout_loops_cross, mainiacjoe_overflow_paths, fiery_altar_vehumet,
          enter_ossuary_5
D:6:      layout_rooms, zin_purify, lemuel_doored_altar, serial_corexii_hall,
          chequers_hall_statues_y, chequers_hall_statues_corner_a,
          corner_web_ring, corexii_item_surrounded_by_moat, grunt_ministairs_12,
          uniq_maggie

Skill      XL: |  1  2  3  4  5  6  7  8  9 |
---------------+----------------------------+-----
Fighting       | 3 4 5 |  5.0
Armour         | 2 4 6 9 10 | 10.0
Dodging        | 3 |  3.1
Polearms       | |  3.0
Stealth        | |  1.0
Unarmed Combat | |  2.0
Evocations     | |  1.0

Action                     |  1- 3 |  4- 6 |  7- 9 || total
---------------------------+-------+-------+-------++-------
  Melee: Trident           |    64 |    27 |   139 ||   230
         Short sword       |    13 |   128 |   105 ||   246
         Punch             |     1 |     6 |     3 ||    10
  Evoke: Wand              |       |       |     2 ||     2
    Use: Scroll            |     5 |     4 |     4 ||    13
         Potion            |       |     1 |     5 ||     6
   Stab: Sleeping          |     1 |       |       ||     1
 Armour: Leather armour    |    18 |     3 |       ||    21
         Ring mail         |       |    52 |   105 ||   157
  Dodge: Dodged            |    38 |    88 |   117 ||   243

Table legend: (Time is in decaauts)
 A = Elapsed time spent in this place.
 B = Non-inter-level travel time spent in this place.
 C = Inter-level travel time spent in this place.
 D = Time resting spent in this place.
 E = Time spent auto-exploring this place.
 F = Levels seen in this place.
 G = Mean time per level.
                   A        B        C        D        E       F      G
               +--------+--------+--------+--------+--------+-----+--------+
         Total |   5803 |   5615 |    188 |   1312 |   2987 |   7 |  829.0 |
       Dungeon |   5390 |   5202 |    188 |   1157 |   2925 |   6 |  898.3 |
       Ossuary |    412 |    412 |      0 |    155 |     62 |   1 |  412.0 |
               +--------+--------+--------+--------+--------+-----+--------+

Top non-repeatable levels by time:
     D:1: 1066 daAuts
     D:5: 1025 daAuts
     D:4: 945 daAuts
     D:6: 939 daAuts
     D:2: 716 daAuts
     D:3: 697 daAuts
 Ossuary: 412 daAuts
